 Dungeon Crawl Stone Soup version 0.26-a0-720-g2a1d101370 (webtiles) character file.

Game seed: 9801113770307227226

1657 Notrik the Fighter (level 8, -2/79 HPs)
             Began as a Minotaur Fighter on Nov 2, 2020.
             Was a Follower of Okawaru.
             Slain by a yak (4 damage)
             ... on level 6 of the Dungeon.
             The game lasted 00:08:25 (6914 turns).

Notrik the Fighter (Minotaur Fighter)               Turns: 6914, Time: 00:08:26

Health: -2/79      AC: 11    Str: 22    XL:     8   Next: 68%
Magic:  6/7        EV:  8    Int: 17    God:    Okawaru [*.....]
Gold:   276        SH: 11    Dex: 11    Spells: 7/7 levels left

rFire    . . .     SeeInvis .   a - +0 flail
rCold    . . .     Faith    .   z - +0 kite shield
rNeg     . . .     Spirit   .   b - +0 scale mail
rPois    .         Reflect  .   (helmet restricted)
rElec    .         Harm     .   v - +2 cloak
rCorr    .         Rampage  .   (no gloves)
MR       .....                  (no boots)
Stlth    ..........             (no amulet)
HPRegen  0.23/turn              i - +6 ring of intelligence
MPRegen  0.10/turn              o - +6 ring of intelligence

@: mighty
A: retaliatory headbutt, horns 2
a: Heroism, Renounce Religion


You were on level 6 of the Dungeon.
You worshipped Okawaru.
Okawaru was aware of your devotion.
You visited 2 branches of the dungeon, and saw 7 of its levels.
You also visited: Ossuary.

You collected 276 gold pieces.

Inventory:

Hand Weapons
 a - a +0 flail (weapon)
Armour
 b - a +0 scale mail (worn)
 v - a +2 cloak (worn)
   (You took it off Crazy Yiuf on level 3 of the Dungeon)
 z - a +0 kite shield (worn)
Jewellery
 i - a +6 ring of intelligence (left hand)
   (You found it on level 1 of the Dungeon)
 l - a cursed ring of teleportation
   (You found it on level 1 of the Dungeon)
 o - a +6 ring of intelligence (right hand)
   (You found it on level 2 of the Dungeon)
 w - an uncursed ring of fire {unknown}
   (You found it on level 4 of the Dungeon)
 A - a +6 ring of dexterity {unknown}
   (You found it on level 5 of the Dungeon)
Wands
 c - a wand of disintegration (17)
   (You found it on level 5 of the Dungeon)
 u - a wand of paralysis (5)
   (You found it on level 4 of the Dungeon)
Scrolls
 f - 5 scrolls of identify {@r1}
 g - a scroll of summoning {unknown}
 j - 2 scrolls of blinking {unknown}
 k - a scroll of amnesia {unknown}
 m - 3 scrolls of teleportation {@r4}
 p - a scroll of immolation {unknown}
 r - a scroll of enchant weapon {unknown}
 s - 2 scrolls of enchant armour
 y - a scroll of remove curse {unknown}
 B - a scroll of vulnerability {unknown}
 C - a scroll of fear {unknown}
Potions
 d - 3 potions of might
 e - a potion of curing {@q1}
 h - 5 potions of mutation {!q}
 n - a potion of haste {@q3}
 q - 4 potions of heal wounds {unknown}
 t - 3 potions of brilliance {unknown}
 x - 2 potions of magic {unknown}
 D - 2 potions of flight {unknown}
 E - a potion of lignification {unknown}


   Skills:
 * Level 10.0 Fighting
 - Level 3.0 Maces & Flails
 + Level 7.4 Armour
 + Level 7.4 Shields


You had 7 spell levels left.
You didn't know any spells.
Your spell library was empty.

Dungeon Overview and Level Annotations

Branches:
Dungeon (6/15)             Temple (1/1) D:5         Ossuary (visited)

Altars:
Cheibriados
Dithmenos
Elyvilon
Fedhas
Gozag
Hepliaklqana
Kikubaaqudgha
Makhleb
Nemelex Xobeh
Okawaru
Qazlal
Ru
Sif Muna
Trog
Uskayaw
Vehumet
Wu Jian
Xom
Yredelemnul
Zin
The Shining One


Innate Abilities, Weirdness & Mutations

You reflexively headbutt those who attack you in melee.
You have a pair of horns on your head.


Message History

You block the yak's attack. x2; The orc barely misses you.
The yak gores you but does no damage.
You closely miss the yak. The yak gores you. x2
The orc hits you but does no damage. The yak gores you. x3
* * * LOW HITPOINT WARNING * * *
You hit the yak but do no damage. The yak closely misses you.
The orc barely misses you. The yak gores you!
* * * LOW HITPOINT WARNING * * *
You block the yak's attack.
You gain the combat prowess of a mighty hero.
You block the yak's attack. The orc closely misses you.
You furiously retaliate!
You headbutt the orc!
You kill the orc!
Okawaru accepts your kill. The yak gores you.
* * * LOW HITPOINT WARNING * * *
The yak misses you.
You bludgeon the yak!!
You kill the yak!
Okawaru accepts your kill. The yak gores you!
* * * LOW HITPOINT WARNING * * *
The yak closely misses you.
You hit the yak but do no damage. The yak gores you.
* * * LOW HITPOINT WARNING * * *
The yak gores you.
* * * LOW HITPOINT WARNING * * *
You feel better. You block the yak's attack.
The yak gores you but does no damage.
You hit the yak. The yak barely misses you. The yak gores you.
* * * LOW HITPOINT WARNING * * *
You feel very mighty all of a sudden. The yak gores you.
* * * LOW HITPOINT WARNING * * *
The yak misses you. You furiously retaliate!
You headbutt the yak! You hit the yak. You block the yak's attack.
The yak gores you!
* * * LOW HITPOINT WARNING * * *
You sock the yak!
You kill the yak!
Okawaru accepts your kill.
Your base Fighting skill increases to level 10!
You block the yak's attack.
You hit the yak. The yak closely misses you.
You sock the yak!
You feel like a meek peon again. The yak gores you.
* * * LOW HITPOINT WARNING * * *
You closely miss the yak. You headbutt the yak. You block the yak's attack. x2
You sock the yak! The yak gores you.
You die...

.....#####....#**
*,,,,,,,,,,,* .......†......#
*##.,o..,,,,,**
..........###.###..,,...,,,,**
..........#*,.....,,....,*,**
)........##***#..###....****
...)....## ##..#.....#*
........# #........#*
..^÷....######..Y)..#**
........##...#..@#...*
#................)..#*
#...........#.......#
.................#..#
................#####
.#.....#####..#.#*
.#....##*,,..##..*
>#...##*,,..##..## ######
**,#.,,,.#


You could see a yak.

Vanquished Creatures
  3 yaks (D:6)
  Duvessa (D:5)
  A water moccasin (D:5)
  An ogre (D:6)
  A centaur (D:5)
  A bullfrog (D:6)
  Dowan (D:5)
  A scorpion (D:6)
  A howler monkey (D:6)
  A centaur zombie (Ossuary)
  3 human zombies (Ossuary)
  2 hounds
  Crazy Yiuf (D:3)
  Terence (D:3)
  An iguana (D:5)
  3 orc wizards
  2 worker ants
  A big kobold zombie (Ossuary)
  3 mummies
  A worker ant zombie (D:5)
  5 adders
  A shadow imp (D:6)
  3 white imps (D:5)
  An ufetubus (D:4)
  An adder zombie (Ossuary)
  3 worms
  A dart slug (D:2)
  7 leopard geckos
  17 orcs
  6 giant cockroaches
  6 goblins
  7 hobgoblins
  19 jackals
  A quokka (D:4)
  3 ball pythons
  7 bats
  6 frilled lizards
  A giant cockroach zombie (D:5)
  A goblin zombie (Ossuary)
  6 hobgoblin zombies (Ossuary)
  A jackal zombie (Ossuary)
  2 kobolds
  12 kobold zombies (Ossuary)
  A leopard gecko skeleton (D:4)
  A leopard gecko zombie (D:5)
  10 orc zombies (Ossuary)
  3 rats
162 creatures vanquished.

Vanquished Creatures (others)
  A plant (D:1)
1 creature vanquished.

Grand Total: 163 creatures vanquished

Notes
Turn   | Place    | Note
-------+----------+-------------------------------------------
     0 | D:1      | Notrik the Minotaur Fighter began the quest for the Orb.
     0 | D:1      | Reached XP level 1. HP: 19/19 MP: 0/0
    96 | D:1      | Reached XP level 2. HP: 13/27 MP: 1/1
   128 | D:1      | Reached skill level 4 in Fighting
   797 | D:1      | Reached XP level 3. HP: 30/34 MP: 2/2
  1270 | D:2      | Reached XP level 4. HP: 40/41 MP: 3/3
  1843 | D:3      | Found a runed translucent door.
  1844 | D:3      | Noticed Crazy Yiuf
  1936 | D:3      | Reached skill level 5 in Fighting
  2519 | D:3      | Noticed Terence
  2527 | D:3      | Killed Terence
  2650 | D:3      | Killed Crazy Yiuf
  2650 | D:3      | Reached XP level 5. HP: 12/49 MP: 0/4
  3095 | D:4      | Reached skill level 6 in Fighting
  3516 | D:4      | Found a shadowy altar of Dithmenos.
  3534 | D:4      | Reached skill level 5 in Armour
  3534 | D:4      | Reached skill level 5 in Shields
  3534 | D:4      | Reached XP level 6. HP: 17/57 MP: 5/5
  4633 | D:5      | Entered Level 5 of the Dungeon
  5090 | D:5      | Noticed Dowan
  5091 | D:5      | Noticed Duvessa
  5099 | D:5      | Reached skill level 7 in Fighting
  5104 | D:5      | Killed Duvessa
  5104 | D:5      | Reached XP level 7. HP: 56/66 MP: 6/6
  5124 | D:5      | Killed Dowan
  5234 | D:5      | Reached skill level 8 in Fighting
  5345 | D:5      | Found a staircase to the Ecumenical Temple.
  5923 | Temple   | Entered the Ecumenical Temple
  6090 | Temple   | Became a worshipper of Warmaster Okawaru
  6166 | D:6      | Found a sand-covered staircase.
  6177 | Ossuary  | Entered an ossuary
  6603 | D:6      | Reached XP level 8. HP: 73/75 MP: 7/7
  6630 | D:6      | Reached * piety under Okawaru
  6630 | D:6      | Reached skill level 9 in Fighting
  6909 | D:6      | HP: 2/79 [yak (7)]
  6910 | D:6      | Reached skill level 10 in Fighting
  6914 | D:6      | Slain by a yak

Illustrated notes

Levels and vault maps discovered:
D:1:      scummos_arrival_star, layout_loops_ring, skrybe_limestone_x,
          minmay_shallow_snake_nest
D:2:      layout_loops_corners
D:3:      layout_loops_ring, uniq_crazy_yiuf_cottage, uniq_terence
D:4:      wad_crossroads, layout_basic, nicolae_dithmenos_shadow_blocks
D:5:      lemuel_upstairs_altar, layout_basic, minmay_temple_entry_tees,
          minivault_5, grunt_ministairs_4, uniq_duvessa
D:6:      layout_cave_pools, nicolae_ossuary_entry_giza
Temple:   kilobyte_greek_temple

Skill      XL: |  1  2  3  4  5  6  7  8 |
---------------+-------------------------+-----
Fighting       | 4 5 6 7 8 10 | 10.0
Armour         | 4 5 6 7 |  7.4
Shields        | 4 5 6 7 |  7.4
Maces & Flails | 3 |  3.0

Action                   |  1- 3 |  4- 6 |  7- 9 || total
-------------------------+-------+-------+-------++-------
Melee: Flail             |    97 |   185 |   187 ||   469
       Headbutt          |     5 |    25 |    40 ||    70
Invok: Heroism           |       |       |     1 ||     1
  Use: Scroll            |       |     6 |     1 ||     7
       Potion            |       |       |     2 ||     2
Armor: Scale mail        |    40 |    68 |    68 ||   176
Dodge: Dodged            |    38 |    44 |    52 ||   134
Block: Kite shield       |    51 |    92 |    85 ||   228

Table legend: (Time is in decaauts)
 A = Elapsed time spent in this place.
 B = Non-inter-level travel time spent in this place.
 C = Inter-level travel time spent in this place.
 D = Time resting spent in this place.
 E = Time spent auto-exploring this place.
 F = Levels seen in this place.
 G = Mean time per level.
                   A        B        C        D        E       F      G
               +--------+--------+--------+--------+--------+-----+--------+
         Total |   7062 |   6593 |    469 |    536 |   4948 |   8 |  882.8 |
       Dungeon |   6430 |   6021 |    409 |    536 |   4558 |   6 | 1071.7 |
        Temple |    201 |    141 |     60 |      0 |    139 |   1 |  201.0 |
       Ossuary |    429 |    429 |      0 |      0 |    251 |   1 |  429.0 |
               +--------+--------+--------+--------+--------+-----+--------+

Top non-repeatable levels by time:
     D:4: 1742 daAuts
     D:5: 1261 daAuts
     D:3: 1201 daAuts
     D:2: 936 daAuts
     D:1: 898 daAuts
 Ossuary: 429 daAuts
     D:6: 390 daAuts
  Temple: 201 daAuts
